 Dungeon Crawl Stone Soup version 0.23.2-1-ga50397a (webtiles) character file.

Game seed: 9297277202015334737

111 Daunt the Changer (level 4, -1/33 HPs)
             Began as a Barachi Transmuter on May 27, 2019.
             Was a Follower of Elyvilon.
             Slain by an orc (2 damage)
             ... on level 2 of the Dungeon.
             The game lasted 00:18:33 (3087 turns).

Daunt the Changer (Barachi Transmuter)              Turns: 3087, Time: 00:18:33

Health: -1/33      AC:  2    Str: 11    XL:     4   Next: 92%
Magic:  7/7        EV: 12    Int: 14    God:    Elyvilon [*.....]
Gold:   85         SH:  0    Dex: 13    Spells: 1/7 levels left

rFire    . . .     SeeInvis .     - Unarmed
rCold    . . .     Gourm    .   (no shield)
rNeg     . . .     Faith    .   z - +0 leather armour
rPois    .         Spirit   .   (no helmet)
rElec    .         Reflect  .   (no cloak)
rCorr    .         Harm     .   l - -2 pair of gloves
MR       .....                  (no boots)
Stlth    ..........             g - amulet of the acrobat
HPRegen  0.11/turn              m - ring of attention
MPRegen  0.10/turn              (no ring)

@: slow
A: +LOS, swims, slowness 1, strong legs 1
a: Hop, Lesser Healing, Divine Protection, Renounce Religion


You were on level 2 of the Dungeon.
You worshipped Elyvilon.
Elyvilon was aware of your devotion.
You were not hungry.

You visited 1 branch of the dungeon, and saw 3 of its levels.

You collected 85 gold pieces.

Inventory:

Hand Weapons
 h - a +0 club
 v - a +0 hunting sling
Missiles
 a - 8 arrows
 e - 3 needles of sleeping
Armour
 b - a +0 robe
 l - a -2 pair of gloves (worn)
 y - a +1 pair of gloves
 z - a +0 leather armour (worn)
Jewellery
 g - an amulet of the acrobat (around neck)
 m - a ring of attention (left hand)
 o - an uncursed amulet of guardian spirit
 A - an uncursed amulet of magic regeneration
Wands
 x - a wand of disintegration (12)
Scrolls
 q - a scroll of enchant armour {unknown}
 r - a scroll of enchant weapon {unknown}
 t - a scroll of immolation {unknown}
 u - a scroll of blinking {unknown}
 w - a scroll of teleportation
Potions
 c - a potion of haste
 f - a potion of degeneration {unknown}
 i - 3 potions of ambrosia {unknown}
 k - a potion of resistance
 n - a potion of agility {unknown}
 p - a potion of might
 s - 2 potions of curing
Comestibles
 d - 4 rations


   Skills:
 + Level 1.6 Fighting
 - Level 2.1 Dodging
 * Level 3.5 Unarmed Combat
 - Level 2.1 Spellcasting
 + Level 5.1 Transmutations


You had one spell level left.
You knew the following spells:

 Your Spells              Type           Power        Failure   Level  Hunger
a - Beastly Appendage     Tmut           ###...       3%          1    #......
b - Spider Form           Tmut/Pois      #.........   32%         3    ###....
s - Sticks to Snakes      Tmut           ###.....     6%          2    ###....

Your spell library contained the following spells:

 Spells                   Type           Power        Failure   Level  Hunger
 Ice Form                 Ice/Tmut       #.......     71%         4    #####..
 Blade Hands              Tmut           ###.......   71%         5    ######.


Dungeon Overview and Level Annotations

Branches:
Dungeon (3/15)

Altars:
Dithmenos
Elyvilon
Nemelex Xobeh
Okawaru
Trog


Innate Abilities, Weirdness & Mutations

Shadows flee at your approach. (+LOS)
You can swim through water.
You cover ground slowly.
You can hop short distances.


Message History

You climb downwards.
The orc hits you. The ogre misses you. The orc hits you.
The orc barely misses you.
There is a stone staircase leading up here.
Unknown command.
Unknown command.
Unknown command.
The ogre hits you with a +0 giant spiked club!!
Ouch! That really hurt!
* * * LOW HITPOINT WARNING * * *
The orc completely misses you. The orc barely misses you.
You climb upwards.
There is a stone staircase leading down, spattered with blood here.
Unknown command.
There are monsters nearby!
The ogre misses you. The orc completely misses you. x2
There are monsters nearby!
As you read the scroll labeled HUMEEB ZOTET, it crumbles to dust.
You feel as if something is helping you.
It was a scroll of remove curse.
The orc barely misses you. The orc hits you.
You die...

.............###.#
#......)....
.................#
#...........
..........##..##.#
#...........
..............)#.#
#...........
.........####..#.#
#...........
.........# ##.#.#
#...........
.........# #...#
#...........
########## #.Oo#
####'######. #.o@#
#.# #. #.###
#.######. #.#
#........ #.#
######### #.# #.#
#.# #.# #.#


You could see an ogre and 2 orcs.

Vanquished Creatures
  4 adders
  A shadow imp (D:2)
  An ooze (D:1)
  3 worms (D:2)
  2 leopard geckos
  3 orcs
  3 giant cockroaches
  9 goblins
  6 hobgoblins
  2 ball pythons
  3 bats
  A frilled lizard (D:2)
  8 kobolds
  2 rats
48 creatures vanquished.

Vanquished Creatures (collateral kills)
  A frilled lizard (D:3)
1 creature vanquished.

Grand Total: 49 creatures vanquished

Notes
Turn   | Place    | Note
-------+----------+-------------------------------------------
     0 | D:1      | Daunt the Barachi Transmuter began the quest for the Orb.
     0 | D:1      | Reached XP level 1. HP: 15/15 MP: 3/3
   178 | D:1      | Reached skill level 3 in Transmutations
   178 | D:1      | Reached XP level 2. HP: 21/21 MP: 3/5
   187 | D:1      | Learned a level 2 spell: Sticks to Snakes
   833 | D:2      | Reached XP level 3. HP: 26/26 MP: 4/6
  1073 | D:2      | Reached skill level 4 in Transmutations
  1078 | D:2      | Learned a level 3 spell: Spider Form
  1253 | D:2      | HP: 1/39 [kobold/+0 short sword (4)]
  1260 | D:2      | Was going to die from adder. Quaffed random potion, got
                  | berserk. Temp HP survived fatal poison. Killed adder and
                  | kobold with 1 hp but fatal poison again. Kobold dropped
                  | unknown potion. It was cure.
  1527 | D:2      | Found a faded altar of an unknown god.
  1543 | D:2      | Reached XP level 4. HP: 13/32 MP: 7/7
  1585 | D:2      | Became a worshipper of Elyvilon the Healer
  1585 | D:2      | Reached * piety under Elyvilon
  2097 | D:3      | Reached skill level 5 in Transmutations
  2238 | D:3      | Found a shadowy altar of Dithmenos.
  2275 | D:3      | Found an iron altar of Okawaru.
  2278 | D:3      | Found a sparkling altar of Nemelex Xobeh.
  2281 | D:3      | Found a bloodstained altar of Trog.
  2584 | D:3      | Noticed an ogre
  2810 | D:2      | Elyvilon protects you from harm!
  3084 | D:3      | HP: 1/33 [ogre/+0 giant spiked club (28)]
  3087 | D:2      | Slain by an orc

Skill      XL: |  1  2  3  4 |
---------------+-------------+-----
Transmutations | 3 4 5 |  5.1
Fighting       | |  1.6
Dodging        | |  2.1
Unarmed Combat | |  3.5
Spellcasting   | |  2.1

Action                   |  1- 3 |  4- 6 || total
-------------------------+-------+-------++-------
Melee: Unarmed           |    93 |    97 ||   190
       Headbutt          |     9 |     6 ||    15
       Kick              |     9 |     7 ||    16
 Cast: Beastly Appendage |    13 |    10 ||    23
       Sticks to Snakes  |       |     4 ||     4
 Abil: Hop               |       |     1 ||     1
  Use: Scroll            |     6 |     2 ||     8
       Potion            |     3 |       ||     3
 Stab: Sleeping          |     1 |       ||     1
  Eat: Chunk             |     3 |     6 ||     9
Armor: Robe              |     4 |       ||     4
       Leather armour    |       |     5 ||     5
Dodge: Dodged            |    41 |    89 ||   130
